 Dungeon Crawl Stone Soup version 0.30.1-11-g7821555f0a (webtiles) character file.

Game seed: 3938045427895242312

80 porpoise the Shooter (level 4, -2/27 HPs)
             Began as a Kobold Hexslinger on Dec 6, 2023.
             Slain by Terence
             ... wielding a +0 falchion
              (7 damage)
             ... on level 3 of the Dungeon.
             The game lasted 00:05:47 (1985 turns).

porpoise the Shooter (Kobold Hexslinger)            Turns: 1985, Time: 00:05:47

Health: -2/27      AC:  3    Str:  7    XL:     4   Next: 65%
Magic:  0/5        EV: 14    Int: 14    God:
Gold:   140        SH:  0    Dex: 17    Spells: 4/5 levels left

rFire   . . .        a - +1 sling
rCold   . . .        (no shield)
rNeg    . . .        t - +0 leather armour
rPois   .            (no helmet)
rElec   .            (no cloak)
rCorr   .            (no gloves)
SInv    .            (no boots)
Will    +....        (no amulet)
Stlth   ++           q - ring of willpower
HPRegen 0.24/turn    (no ring)
MPRegen 0.09/turn

%: no passive effects
@: very slightly contaminated
A: small, no large weapons, nightstalker 3
a: no special abilities


You were on level 3 of the Dungeon.
You visited 1 branch of the dungeon, and saw 3 of its levels.

You collected 140 gold pieces.

Inventory:

Hand Weapons
 a - a +1 sling (weapon)
Armour
 t - a +0 leather armour (worn)
Jewellery
 q - a ring of willpower (left hand)
Scrolls
 b - a scroll of poison
 c - a scroll of fear {unknown}
 f - a scroll of amnesia
 i - a scroll of magic mapping {unknown}
 j - a scroll of vulnerability {unknown}
 m - a scroll of brand weapon {unknown}
 n - a scroll of noise
 p - a scroll of summoning {unknown}
 r - a scroll of enchant armour {unknown}
Potions
 d - 2 potions of brilliance
 e - a potion of curing
 g - 2 potions of invisibility
 h - a potion of haste {unknown}
 k - a potion of heal wounds {unknown}
 o - a potion of mutation {unknown}
 s - a potion of berserk rage {unknown}


   Skills:
 + Level 2.6 Fighting
 * Level 5.2 Ranged Weapons
 - Level 2.4 Dodging
 - Level 1.1 Spellcasting
 - Level 3.0 Hexes


You had 4 spell levels left.
You knew the following spells:

 Your Spells              Type           Power      Damage    Failure   Level
a - Slow                  Hex            36%        N/A       12%         1

Your spell library contained the following spells:

 Spells                   Type           Power      Damage    Failure   Level
 Confusing Touch          Hex            9%         N/A       34%         3
 Inner Flame              Hex/Fire       4%         N/A       54%         3
 Portal Projectile        Hex/Tloc       8%         N/A       54%         3
 Vampiric Draining        Necr           0%         2d6       75%         3
 Vhi's Electric Charge    Tloc/Air       0%         N/A       75%         3
 Cause Fear               Hex            4%         N/A       75%         4
 Arcjolt                  Conj/Air       0%         1d10      100%        5
 Plasma Beam              Fire/Air       0%         2x1d11    100%        6


Dungeon Overview and Level Annotations

Branches:
Dungeon (3/15)

Altars:

Annotations:
D:3 Terence


Innate Abilities, Weirdness & Mutations

You are small and have problems with some larger weapons.
You are completely attuned to the shadows.


Message History

Aiming: Slow (safe; 12% risk of failure)
Press: ? - help, Q - select action, (/) - cycle Shift-Dir - straight line, f/p - quokka
Aim: a quokka (chance to affect: 61%) Terence resists with significant effort.
Terence hits you but does no damage.
Unknown command.
Aiming: Slow (safe; 12% risk of failure)
Press: ? - help, Q - select action, (/) - cycle Shift-Dir - straight line, f/p - quokka
Aim: a quokka (chance to affect: 61%) Terence seems to slow down.
Unknown command.
You don't have enough magic to cast this spell.
Unknown command.
You don't have enough magic to cast this spell.
You are now empty-handed.
Terence closely misses you.
a - a +1 sling (weapon)
Fire: a) +1 sling
Press: ? - help, Q - select action, (/) - cycle Shift-Dir - straight line, f/p - quokka
Aim: a quokka (51% to hit)
Okay, then.
Fire: a) +1 sling
Press: ? - help, Q - select action, (/) - cycle Shift-Dir - straight line, f/p - quokka
Aim: a quokka (51% to hit)
You shoot a sling bullet. The sling bullet hits Terence.
Terence is heavily wounded.
Terence drinks a potion.
Terence is healed!
Fire: a) +1 sling
Press: ? - help, Q - select action, (/) - cycle Shift-Dir - straight line, f/p - quokka
Aim: a quokka (51% to hit)
You shoot a sling bullet.
The sling bullet hits Terence but does no damage.
Terence is lightly wounded.
Fire: a) +1 sling
Press: ? - help, Q - select action, (/) - cycle Shift-Dir - straight line, f/p - quokka
Aim: a quokka (51% to hit)
You shoot a sling bullet.
The sling bullet closely misses Terence.
The sling bullet closely misses the quokka.
Terence hits you with a +0 falchion!
You die...

#.#
.####.##..
......#.#
.##....#r#
....<..#@##
.......@..#
.......#.##
###.#......
#.###.....
. .....


You could see Terence (slow) and a quokka.

Vanquished Creatures
  2 adders (D:2)
  2 worms (D:2)
  2 dart slugs
  An orc (D:3)
  2 endoplasms (D:3)
  4 giant cockroaches
  3 goblins
  4 hobgoblins
  4 jackals (D:1)
  4 kobolds
  3 quokkas
  2 ball pythons (D:1)
  7 bats
  2 frilled lizards
  7 rats (D:1)
49 creatures vanquished.

Notes
Turn   | Place    | Note
-------+----------+-------------------------------------------
     0 | D:1      | porpoise the Kobold Hexslinger began the quest for the Orb.
     0 | D:1      | Reached XP level 1. HP: 12/12 MP: 2/2
   136 | D:1      | Reached skill level 3 in Ranged Weapons
   240 | D:1      | Reached XP level 2. HP: 16/16 MP: 3/3
   587 | D:1      | Found a faded altar of an unknown god.
   792 | D:1      | Reached XP level 3. HP: 21/21 MP: 4/4
   868 | D:1      | Reached skill level 4 in Ranged Weapons
  1266 | D:2      | Reached XP level 4. HP: 17/27 MP: 5/5
  1607 | D:2      | Reached skill level 5 in Ranged Weapons
  1968 | D:3      | Noticed Terence
  1985 | D:3      | Slain by Terence

Illustrated notes

Levels and vault maps discovered:
D:1:      minmay_arrival_diagonal_passages, layout_basic,
          chequers_ecumenical_altar_island
D:2:      layout_rooms
D:3:      layout_basic, nicolae_overflow_hidden_temple, minivault_4,
          minmay_misc_feat_columns, uniq_terence

Skill      XL: |  1  2  3  4 |
---------------+-------------+-----
Ranged Weapons | 3 4 5 |  5.2
Fighting       | 2 |  2.6
Dodging        | |  2.4
Spellcasting   | |  1.1
Hexes          | |  3.0

Action                     |  1- 3 |  4- 6 || total
---------------------------+-------+-------++-------
   Fire: Sling             |    84 |    61 ||   145
   Cast: Slow              |       |     4 ||     4
    Use: Scroll            |     1 |     3 ||     4
 Armour: Robe              |     5 |     4 ||     9
         Leather armour    |       |     2 ||     2
  Dodge: Dodged            |    43 |    19 ||    62
